AoeStats
← tenduril

Black Forest

510463301Analyzed
3v3 RM · 1d ago on Oct 1, 2026· 48m 19s· 6 players
Game mode
Random Map
Map size
Normal (6 player)
Population
200
Speed
Normal
Resources
Standard
Victory
Conquest
Starting age
Dark Age
Ending age
Imperial Age
RankedLock teamsTeams togetherTeam positionsShared explorationLock speedFull tech treeHidden civsTurbo modeCheats
Victory
Defeat
🇺🇸 Varangians · United States
1028
+16
🇪🇸 Khmer · Spain
1016
+17
🇺🇸 Britons · United States
1012
+17
🇨🇳 Portuguese · China
1057
-17
🇺🇸 Chinese · United States
1047
-17
🇦🇷 Celts · Argentina
1005
-16
metalkannon
tenduril
11:31 Feudal Age
11:36 Man-at-Arms
15:25 Double-Bit Axe
23:57 Castle Age
22:23 Horse Collar
23:44 Forging
23:34 Scale Mail Armor
24:11 Gold Mining
24:14 Arson
26:41 Heavy Plow
31:54 Gambesons
35:07 Iron Casting
34:47 Chain Mail Armor
39:11 Imperial Age
37:19 Wheelbarrow
36:33 Loom
38:44 Bow Saw
39:13 Gothikon
40:14 Conscription
40:29 Pikeman
41:14 Squires
42:18 Crop Rotation
44:03 Blast Furnace
43:39 Plate Mail Armor
43:11 Elite Varangian Guard
45:23 Scale Barding Armor
Mpower
10:25 Feudal Age
10:00 Loom
17:02 Castle Age
15:59 Horse Collar
16:06 Double-Bit Axe
18:01 Heavy Plow
19:24 Wheelbarrow
22:20 Town Watch
26:52 Bow Saw
28:03 Fletching
29:14 Bodkin Arrow
29:36 Hand Cart
29:30 Gold Mining
29:55 Forging
30:04 Stone Mining
31:23 Fortified Wall
32:30 Iron Casting
32:45 Ballistics
32:21 Murder Holes
36:43 Imperial Age
34:50 Gold Shaft Mining
34:19 Padded Archer Armor
36:55 Yeomen
36:50 Pikeman
37:30 Squires
38:06 Yeomen
39:06 Chemistry
38:09 Bracer
39:10 Blast Furnace
38:38 Leather Archer Armor
39:27 Two-Man Saw
38:21 Elite Longbowman
40:05 Conscription
40:15 Conscription
39:58 Warwolf
40:42 Halberdier
43:18 Ring Archer Armor
42:50 Scale Mail Armor
42:57 Siege Engineers
46:21 Warwolf
ncinko
0:36 Loom
10:59 Feudal Age
18:10 Castle Age
16:39 Double-Bit Axe
16:37 Horse Collar
19:32 Bow Saw
19:25 Heavy Plow
19:23 Gold Mining
24:56 Wheelbarrow
26:02 Gold Shaft Mining
29:22 Ballistics
33:14 Imperial Age
30:46 Fletching
31:29 Thumb Ring
32:32 Bodkin Arrow
33:03 Bloodlines
34:06 Bracer
34:06 Padded Archer Armor
36:15 Two-Man Saw
35:30 Elite Chu Ko Nu
36:17 Heavy Rocket Cart
37:17 Leather Archer Armor
38:40 Chemistry
40:03 Cavalier
40:44 Husbandry
40:58 Forging
40:49 Scale Mail Armor
41:03 Scale Barding Armor
42:19 Iron Casting
42:48 Chain Barding Armor
43:52 Elite Skirmisher
45:26 Plate Barding Armor
Erickinio
0:40 Loom
0:47 Loom
12:18 Feudal Age
14:04 Double-Bit Axe
22:22 Town Watch
22:13 Man-at-Arms
27:57 Forging
35:42 Castle Age
海哥
Connection lost

Rejoining the realm…

Still unreachable

The connection could not be restored.

Session expired

The server has moved on; the page needs a fresh start.